 Dungeon Crawl Stone Soup version 0.24-a0-157-g36218c0 (webtiles) character file.

Game seed: 7975785596539041880

257 Gunnerkreig the Conjurer (level 5, -1/38 HPs)
             Began as a Draconian Wizard on Mar 4, 2019.
             Slain by an iguana (12 damage)
             ... on level 4 of the Dungeon.
             The game lasted 00:18:30 (5124 turns).

Gunnerkreig the Conjurer (Draconian Wizard)         Turns: 5124, Time: 00:18:31

Health: -1/38      AC:  7    Str:  9    XL:     5   Next: 93%
Magic:  5/11       EV: 11    Int: 23    God:
Gold:   203        SH:  3    Dex: 10    Spells: 1/12 levels left

rFire    . . .     SeeInvis .   n - +2 dagger (freeze)
rCold    . . .     Gourm    .   q - +0 buckler
rNeg     . . .     Faith    .   (armour unavailable)
rPois    .         Spirit   .   a - +0 hat
rElec    .         Reflect  .   (no cloak)
rCorr    .         Harm     .   (no gloves)
MR       .....     Clarity  +   g - +1 pair of boots
Stlth    ++........             (no amulet)
HPRegen  0.12/turn              h - +2 ring of intelligence
MPRegen  0.12/turn              (no ring)

@: no status effects
A: unfitting armour, horns 1, clarity, clever 1, cold-blooded, AC +5
a: no special abilities


You were on level 4 of the Dungeon.
You were not hungry.

You visited 1 branch of the dungeon, and saw 4 of its levels.

You collected 203 gold pieces.

Inventory:

Hand Weapons
 j - a +0 spear
 l - a +0 dagger of venom
 n - a +2 dagger of freezing (weapon)
 o - a +0 hunting sling
Missiles
 e - 252 stones (quivered)
 f - 26 sling bullets
 m - 3 javelins
Armour
 a - a +0 hat (worn)
 g - a +1 pair of boots (worn)
 q - a +0 buckler (worn)
Jewellery
 h - a +2 ring of intelligence (left hand)
Scrolls
 d - a scroll of blinking
 i - a scroll of remove curse
 k - 4 scrolls of identify
Potions
 b - 3 potions of curing
 p - a potion of lignification
 r - a potion of brilliance
 t - a potion of haste {unknown}
Comestibles
 c - 7 rations
 s - a chunk of flesh


   Skills:
 - Level 1.0 Polearms
 - Level 2.0 Dodging
 - Level 1.7 Stealth
 + Level 0.4 Shields
 + Level 4.1 Spellcasting
 * Level 4.6 Conjurations
 - Level 1.0 Summonings
 - Level 1.0 Translocations


You had one spell level left.
You knew the following spells:

 Your Spells              Type           Power        Failure   Level  Hunger
a - Magic Dart            Conj           ####         2%          1    None
b - Conjure Flame         Conj/Fire      ###.....     19%         3    ##.....
c - Mephitic Cloud        Conj/Pois/Air  ##......     26%         3    ##.....
d - Blink                 Tloc           N/A          16%         2    #......
e - Call Imp              Summ           #.......     16%         2    #......

Your spell library contained the following spells:

 Spells                   Type           Power        Failure   Level  Hunger
 Slow                     Hex            #.......     24%         2    #......


Dungeon Overview and Level Annotations

Branches:
Dungeon (4/15)
 Temple: D:4-7

Altars:
Ashenzari
Kikubaaqudgha
Ru


Innate Abilities, Weirdness & Mutations

Your plain brown scales are hard. (AC +5)
You cannot fit into any form of body armour.
You are cold-blooded and may be slowed by cold attacks.
You have a pair of small horns on your head.
You possess an exceptional clarity of mind.
Your mind is acute. (Int +2)


Message History

The iguana is severely wounded.
The iguana bites you!
* * * LOW HITPOINT WARNING * * *
Casting: Magic Dart (safe; 2% risk of failure)
Confirm with . or Enter, or press ? or * to list all spells.
Aiming: Magic Dart (safe; 2% risk of failure)
Press: ? - help, Shift-Dir - straight line, f/p - iguana
Aim: an iguana (severely wounded)
The magic dart hits the iguana but does no damage.
The iguana is severely wounded.
The iguana barely misses you.
Casting: Magic Dart (safe; 2% risk of failure)
Confirm with . or Enter, or press ? or * to list all spells.
Aiming: Magic Dart (safe; 2% risk of failure)
Press: ? - help, Shift-Dir - straight line, f/p - iguana
Aim: an iguana (severely wounded)
The magic dart hits the iguana but does no damage.
The iguana is severely wounded.
The iguana bites you!
You die...

#........####.########.#######
#..................# #.#
#.#.#.###..####.##.# #.# #
#.#.# #..# #<##.#####.# #.#.#
#..####..........##### # #..
.....................###
#####........#.#####.###....
#.)####.##.# #.# ##### #..
#@##.# #.# ......l....# #.#
######..#### #.# #... .)# ...#
### ##..# #.(# #..#


You could see an iguana.

Vanquished Creatures
  A bullfrog skeleton (D:4)
  An orc priest (D:4)
  An iguana (D:4)
  Robin (D:3)
  4 gnolls
  An adder (D:2)
  5 worms
  A dart slug (D:1)
  2 leopard geckos
  6 orcs
  5 bats
  A giant cockroach (D:1)
  19 goblins
  13 hobgoblins
  7 jackals (D:3)
  2 quokkas
  2 frilled lizards
  9 kobolds
  A leopard gecko skeleton (D:4)
  6 rats
88 creatures vanquished.

Notes
Turn   | Place    | Note
-------+----------+-------------------------------------------
     0 | D:1      | Gunnerkreig the Draconian Wizard began the quest for the
                  | Orb.
     0 | D:1      | Reached XP level 1. HP: 14/14 MP: 4/4
   135 | D:1      | Reached XP level 2. HP: 13/20 MP: 1/6
  1450 | D:2      | Gained mutation: You are frail. (-10% HP) [potion of
                  | mutation]
  1450 | D:2      | Gained mutation: You occasionally shout uncontrollably at
                  | your foes. [potion of mutation]
  1450 | D:2      | Gained mutation: You possess an exceptional clarity of
                  | mind. [potion of mutation]
  1450 | D:2      | Gained mutation: Your mind is acute. (Int +2) [potion of
                  | mutation]
  1451 | D:2      | Lost mutation: You occasionally shout uncontrollably at
                  | your foes. [potion of mutation]
  1451 | D:2      | Lost mutation: You are frail. (-10% HP) [potion of
                  | mutation]
  1451 | D:2      | Gained mutation: Your mind is very acute. (Int +4) [potion
                  | of mutation]
  1451 | D:2      | Lost mutation: Your mind is very acute. (Int +4) [potion of
                  | mutation]
  1451 | D:2      | Gained mutation: You have a pair of small horns on your
                  | head. [potion of mutation]
  1512 | D:2      | Reached XP level 3. HP: 26/26 MP: 2/7
  1845 | D:2      | Noticed a centaur
  2448 | D:2      | Found a sacrificial altar of Ru.
  2706 | D:3      | Reached XP level 4. HP: 33/33 MP: 1/9
  2978 | D:3      | HP: 1/33 [gnoll/+0 club (6)]
  2982 | D:3      | Reached skill level 1 in Polearms
  3972 | D:3      | Reached XP level 5. HP: 32/38 MP: 6/10
  4050 | D:3      | Noticed Robin
  4054 | D:3      | Killed Robin
  4213 | D:3      | Found an ancient bone altar of Kikubaaqudgha.
  4246 | D:3      | Found a shattered altar of Ashenzari.
  4614 | D:4      | Learned a level 3 spell: Conjure Flame
  4618 | D:4      | Learned a level 3 spell: Mephitic Cloud
  4621 | D:4      | Learned a level 2 spell: Blink
  4624 | D:4      | Learned a level 2 spell: Call Imp
  5124 | D:4      | Slain by an iguana

Levels and vault maps discovered:
D:1:      giann_wishing_wells, layout_basic
D:2:      kb_forest_paths, layout_basic, nicolae_ru_the_path_less_chosen
D:3:      kennysheep_goblin_castle, layout_loops_ring, ashenzari_altar_1,
          marbit_many_paths, feat_on_display
D:4:      layout_loops_ring, gammafunk_ghost_cemetery

Skill      XL: |  1  2  3  4  5 |
---------------+----------------+-----
Dodging        | 2 |  2.0
Conjurations   | 2 3 4 |  4.6
Polearms       | 1 |  1.0
Spellcasting   | 4 |  4.1
Stealth        | |  1.7
Shields        | |  0.4
Summonings     | |  1.0
Translocations | |  1.0

Action                   |  1- 3 |  4- 6 || total
-------------------------+-------+-------++-------
Melee: Unarmed           |    12 |       ||    12
       Tailslap          |     3 |     1 ||     4
       Short sword       |    22 |       ||    22
       Mace              |     4 |       ||     4
       Spear             |     9 |    27 ||    36
       Headbutt          |     1 |     3 ||     4
       Dagger            |       |    23 ||    23
 Cast: Magic Dart        |    97 |   125 ||   222
  Use: Scroll            |     3 |     6 ||     9
       Potion            |     2 |       ||     2
  Eat: Chunk             |     4 |     9 ||    13
Armor: Skin              |    12 |    20 ||    32
Dodge: Dodged            |    36 |    43 ||    79

Table legend:
 A = Non-vault XP
 B = Vault XP
 C = Vault XP percentage of total XP
 D = Non-vault monster count
 E = Vault monster count
 F = Vault count percentage of total count
                 A         B        C        D         E       F
            +---------+---------+-------+---------+---------+-------
      Total |     297 |      71 |  19.3 |      64 |      24 |  27.3
            +---------+---------+-------+---------+---------+-------
        D:1 |      38 |       0 |   0.0 |      21 |       0 |   0.0
        D:2 |      28 |      18 |  39.1 |       8 |       3 |  27.3
        D:3 |      99 |      53 |  34.9 |      27 |      21 |  43.8
        D:4 |     132 |       0 |   0.0 |       8 |       0 |   0.0
            +---------+---------+-------+---------+---------+-------
